 Dungeon Crawl Stone Soup version 0.17.0-28-g6e173f8 (webtiles) character file.

69 Ijustatesigmund the Cudgeler (level 4, -7/34 HPs)
             Began as a Demonspawn Gladiator on Dec 1, 2015.
             Mangled by a gnoll
             ... wielding a +0 spear
              (8 damage)
             ... on level 2 of the Dungeon.
             The game lasted 00:05:53 (1460 turns).

Ijustatesigmund the Cudgeler (Demonspawn Gladiator) Turns: 1460, Time: 00:05:54

Health: -7/34      AC:  3    Str: 15    XL:     4   Next: 2%
Magic:  4/4        EV: 12    Int:  9    God:
Gold:   42         SH:  0    Dex: 15    Spells: 0 memorised, 3 levels left

rFire  . . .     SeeInvis .     i - -2 short sword (curse)
rCold  + . .     Clarity  .     b - +0 leather armour
rNeg   . . .     SustAt   .     (no shield)
rPois  .         Gourm    .     (helmet restricted)
rElec  .         Spirit   .     (no cloak)
rCorr  .         Warding  .     (no gloves)
rMut   .         Stasis   .     (no boots)
MR     .....                    h - amulet of rage
Stlth  +.........               (no ring)
                                (no ring)

@: about to teleport, not resistant to hostile enchantments, very unstealthy
A: horns 1, cold resistance 1
a: Evoke Berserk Rage


You were on level 2 of the Dungeon.
You were not hungry.

You visited 1 branch of the dungeon, and saw 2 of its levels.

You collected 42 gold pieces.

Inventory:

Hand Weapons
 a - a +0 flail
 i - a cursed -2 short sword (weapon)
Armour
 b - a +0 leather armour (worn)
 c - a +0 helmet
Jewellery
 h - an amulet of rage (around neck)
Potions
 g - a potion of curing
 o - a potion of mutation
Comestibles
 e - a bread ration
 m - a meat ration


   Skills:
 + Level 2.4 Fighting
 + Level 4.2 Maces & Flails
 - Level 1.7 Throwing
 - Level 2.6 Dodging


You had 3 spell levels left.
You didn't know any spells.

Dungeon Overview and Level Annotations

Branches:
Dungeon (2/15)

Altars:


Innate Abilities, Weirdness & Mutations

You have a pair of small horns on your head.
Your flesh is cold resistant.


Message History

You kill the hobgoblin!
The gnoll hits you from afar with a spear.
The gnoll closely misses you.
You hit the gnoll but do no damage. Your headbutt misses the gnoll.
The gnoll barely misses you.
You hit the gnoll but do no damage. Your headbutt misses the gnoll.
The gnoll hits you with a spear!
* * * LOW HITPOINT WARNING * * *
You barely miss the gnoll. The gnoll closely misses you.
You hit the gnoll.
The gnoll is moderately wounded.
The gnoll hits you with a spear!
* * * LOW HITPOINT WARNING * * *
Read which item? (? for menu, Esc to quit)
As you read the scroll of teleportation, it crumbles to dust.
You feel strangely unstable. The gnoll hits you with a spear.
* * * LOW HITPOINT WARNING * * *
An adder comes into view.
The gnoll hits you from afar with a spear!
You die...

#.g. ##.#.
#####..#.
##########.#
#####.....#..
#..........#
######..g..#####.#
#......#####
#(...g.##### #.#
#......# #g######
..# #.....## #.#
.### #[....# ##@#
####.## #..# #..#
##.## ##(###
###..# #.(.##
#.S.##
###..###.###
##)#...# #.#.###
##...#


You could see a gnoll and an adder.

Vanquished Creatures
  2 adders (D:2)
  2 gnolls (D:2)
  A giant gecko (D:1)
  7 bats (D:1)
  2 giant cockroaches (D:1)
  2 goblins
  3 hobgoblins
  2 ball pythons (D:1)
  2 kobolds
  A quokka (D:2)
  8 rats (D:1)
32 creatures vanquished.

Notes
Turn   | Place    | Note
--------------------------------------------------------------
     0 | D:1      | Ijustatesigmund the Demonspawn Gladiator began the quest for the Orb.
     0 | D:1      | Reached XP level 1. HP: 16/16 MP: 1/1
     0 | D:1      | Noticed an iron dragon
     2 | D:1      | Noticed a large abomination
     4 | D:1      | Noticed a shadow dragon
     5 | D:1      | Noticed a tentacled monstrosity
    11 | D:1      | Noticed a shadow dragon
    13 | D:1      | Noticed a large abomination
    13 | D:1      | Noticed a green draconian
    15 | D:1      | Noticed a yellow draconian
    17 | D:1      | Noticed a large abomination
    17 | D:1      | Noticed an ice dragon
    19 | D:1      | Noticed a tentacled monstrosity
    19 | D:1      | Noticed an iron dragon
    21 | D:1      | Noticed a tentacled monstrosity
   127 | D:1      | Reached skill level 3 in Maces & Flails
   322 | D:1      | Gained mutation: Your flesh is cold resistant. [demonic ancestry]
   322 | D:1      | Reached XP level 2. HP: 22/22 MP: 2/2
   812 | D:2      | Gained mutation: You have a pair of small horns on your head. [demonic ancestry]
   812 | D:2      | Reached XP level 3. HP: 9/27 MP: 3/3
  1040 | D:2      | Reached skill level 4 in Maces & Flails
  1445 | D:2      | Reached XP level 4. HP: 32/34 MP: 4/4
  1459 | D:2      | HP: 1/34 [gnoll/spear (2)]
  1460 | D:2      | Mangled by a gnoll

Action                   |  1- 3 |  4- 6 || total
-------------------------+-------+-------++-------
Melee: Flail             |    72 |       ||    72
       Short sword       |    58 |    10 ||    68
Throw: Throwing net      |     8 |       ||     8
  Use: Scroll            |     7 |     1 ||     8
       Potion            |     2 |     1 ||     3
 Stab: Held in net/web   |     1 |       ||     1
       Sleeping          |     1 |       ||     1
  Eat: Pizza             |     1 |       ||     1
